 Dungeon Crawl Stone Soup version 0.20-a0-1024-ge4c44be (webtiles) character file.

581 HankScorpio the Basher (level 7, -2/40 HPs)
             Began as a Gargoyle Gladiator on Apr 20, 2017.
             Slain by a killer bee (3 damage)
             ... on level 5 of the Dungeon.
             The game lasted 00:09:23 (2748 turns).

HankScorpio the Basher (Gargoyle Gladiator)         Turns: 2748, Time: 00:09:23

Health: -2/40      AC:  9    Str: 23    XL:     7   Next: 36%
Magic:  0/7        EV: 12    Int:  9    God:
Gold:   241        SH:  0    Dex: 12    Spells: 6/6 levels left

rFire    + . .     SeeInvis .   a - +1 flail
rCold    + . .     Gourm    .   (no shield)
rNeg     + . .     Faith    .   g - +0 robe
rPois    ∞         Spirit   +   c - +0 helmet
rElec    +         Reflect  .   e - +0 cloak
rCorr    +         Harm     .   k - +0 pair of gloves
MR       .....     Rnd*Rage +   (no boots)
Stlth    ..........             n - amulet of guardian spirit
Regen    0.2/turn               s - ring of loudness
MPRegen  0.1/turn               (no ring)

@: mighty, exhausted, resistant, flying, slowed, very slow
A: berserk 1, negative energy resistance 1, electricity resistance, unbreathing,
petrification resistance, rot immunity, AC +4
a: no special abilities


You were on level 5 of the Dungeon.
You were not hungry.

You visited 1 branch of the dungeon, and saw 5 of its levels.

You collected 241 gold pieces.

Inventory:

Hand Weapons
 a - a +1 flail (weapon)
Missiles
 d - 3 throwing nets (quivered)
Armour
 b - a +0 leather armour
 c - a +0 helmet (worn)
 e - a +0 cloak (worn)
 g - a +0 robe (worn)
 k - a +0 pair of gloves (worn)
 o - a +0 chain mail
 q - a cursed +0 leather armour
Jewellery
 n - an amulet of guardian spirit (around neck)
 s - a ring of loudness (left hand)
Wands
 u - a wand of iceblast (9/15)
 y - a wand of digging (11/24)
Scrolls
 h - 3 scrolls of recharging
 i - 2 scrolls of enchant weapon
 j - 3 scrolls of remove curse
 p - 7 scrolls of identify
 r - a scroll of immolation
Comestibles
 f - 4 bread rations
 m - 2 royal jellies


   Skills:
 - Level 2.1 Fighting
 + Level 8.3 Maces & Flails
 - Level 1.7 Throwing
 - Level 2.4 Dodging


You had 6 spell levels left.
You didn't know any spells.

Dungeon Overview and Level Annotations

Branches:
Dungeon (5/15)
 Temple: D:4-7

Altars:
Trog

Annotations:
D:4 Caerwyn's ghost, novice MiGl


Innate Abilities, Weirdness & Mutations

You are resistant to torment.
Your stone body is resilient. (AC +4)
You are immune to poison.
You resist negative energy. (rN+)
You are resistant to electric shocks. (rElec)
You can survive without breathing.
You are immune to petrification.
You are immune to rotting.
You tend to lose your temper in combat.


Message History

The scroll dissolves into smoke.
It was a scroll of fog.
The killer bee stings you but does no damage. x3
The killer bee closely misses you.
The killer bee stings you but does no damage.
The killer bee stings you but does no damage. x2
The killer bee completely misses you. The killer bee stings you.
* * * LOW HITPOINT WARNING * * *
The killer bee stings you.
* * * LOW HITPOINT WARNING * * *
You feel very buoyant.
You fly up into the air.
The killer bee completely misses you.
The killer bee stings you but does no damage.
The killer bee barely misses you. The killer bee closely misses you.
The killer bee stings you. The killer bee barely misses you.
The killer bee stings you but does no damage.
The killer bee completely misses you. The killer bee stings you.
The killer bee stings you.
* * * LOW HITPOINT WARNING * * *
The killer bee barely misses you. The killer bee stings you.
You die...

#......... ..#######
#..†...... #..[....##
#......... .........#
#......... .........#
##......... #........#
#.......... #.......#
##..........
#....yy####..#.......#
#...@y§##...#.......#
##..##O§§###......##
#####§### ###...# #§##
##.. ##§# ## #§##
#y.y..... .#y...... #.
#......


You could see an ogre and 3 killer bees.

Vanquished Creatures
  A sky beast (D:5)
  An ogre (D:5)
  A scorpion (D:5)
  A killer bee (D:5)
  A crimson imp (D:5)
  A centaur skeleton (D:5)
  Terence (D:3)
  An iguana (D:5)
  A worker ant (D:5)
  A howler monkey skeleton (D:4)
  11 adders
  An ooze (D:2)
  A leopard gecko (D:3)
  2 orcs
  2 ball pythons
  5 bats
  3 giant cockroaches
  5 goblins
  9 hobgoblins
  3 jackals (D:1)
  5 kobolds
  3 quokkas
  A frilled lizard (D:5)
  7 rats
68 creatures vanquished.

Notes
Turn   | Place    | Note
-------+----------+-------------------------------------------
     0 | D:1      | HankScorpio the Gargoyle Gladiator began the quest for the Orb.
     0 | D:1      | Reached XP level 1. HP: 12/12 MP: 1/1
    90 | D:1      | Reached XP level 2. HP: 17/17 MP: 2/2
   313 | D:1      | Reached skill level 4 in Maces & Flails
   323 | D:1      | Reached XP level 3. HP: 19/21 MP: 3/3
   777 | D:2      | Reached XP level 4. HP: 18/26 MP: 2/4
   923 | D:2      | Found a bloodstained altar of Trog.
  1007 | D:2      | Reached skill level 5 in Maces & Flails
  1177 | D:3      | Noticed Terence
  1201 | D:3      | Reached XP level 5. HP: 29/30 MP: 5/5
  1207 | D:3      | Killed Terence
  1238 | D:3      | Reached skill level 6 in Maces & Flails
  1759 | D:4      | Noticed Caerwyn's ghost (novice MiGl)
  1783 | D:5      | Entered Level 5 of the Dungeon
  1911 | D:5      | Reached XP level 6. HP: 19/35 MP: 4/6
  2046 | D:5      | Noticed a sky beast
  2074 | D:5      | Killed a sky beast
  2074 | D:5      | Reached skill level 7 in Maces & Flails
  2077 | D:5      | Gained mutation: You tend to lose your temper in combat. [mutagenic meat]
  2388 | D:5      | Reached XP level 7. HP: 39/40 MP: 7/7
  2432 | D:5      | Reached skill level 8 in Maces & Flails
  2746 | D:5      | HP: 2/40 [killer bee (1)]
  2748 | D:5      | Slain by a killer bee

Vault maps used:
D:1:      scummos_arrival_checkerplants, minmay_tromino_mix6
D:2:      lemuel_doored_altar
D:3:      first_bread, uniq_terence
D:4:      serial_shops, nicolae_shop_temple_entry_statues_fountains
D:5:      nicolae_tso_besieged_by_evil, st_stairs_11

Skill      XL: |  1  2  3  4  5  6  7 |
---------------+----------------------+-----
Maces & Flails | 4 5 6 7 8 |  8.3
Fighting       | |  2.1
Throwing       | |  1.7
Dodging        | |  2.4

Action                   |  1- 3 |  4- 6 |  7- 9 || total
-------------------------+-------+-------+-------++-------
Melee: Flail             |    89 |   207 |    28 ||   324
  Use: Potion            |       |     2 |     5 ||     7
       Scroll            |       |       |     6 ||     6
  Eat: Chunk             |       |     5 |       ||     5
       Bread ration      |       |       |     1 ||     1
Armor: Leather armour    |     8 |       |       ||     8
       Robe              |    33 |    91 |    26 ||   150
       Skin              |       |     8 |       ||     8
Dodge: Dodged            |    74 |   126 |    50 ||   250
